 Dungeon Crawl Stone Soup version 0.28.0-53-g5a82cb258f (webtiles) character file.

Game seed: 11847255196941496364

26 tizbic2 the Sneak (level 3, 0/16 HPs)
             Began as a Vine Stalker Enchanter on Aug 2, 2022.
             Succumbed to an adder's poison
             ... on level 3 of the Dungeon.
             The game lasted 00:05:17 (1338 turns).

tizbic2 the Sneak (Vine Stalker Enchanter)          Turns: 1338, Time: 00:05:18

Health: 0/16       AC:  2    Str: 12    XL:     3   Next: 8%
Magic:  5/8        EV: 12    Int: 15    God:
Gold:   109        SH:  0    Dex: 14    Spells: 7/7 levels left

rFire   + . .      SeeInvis .   a - +4 dagger
rCold   + . .      Faith    .   (no shield)
rNeg    . . .      Spirit   +   k - +0 robe
rPois   +          Reflect  .   (no helmet)
rElec   +          Harm     .   (no cloak)
rCorr   +          Rampage  .   (no gloves)
Will    .....                   (no boots)
Stlth   ++........              (no amulet)
HPRegen 0.05/turn               (no ring)
MPRegen 0.11/turn               (no ring)

@: lethally poisoned (0 -> -12), resistant
A: fangs 2, magic shield, antimagic bite, no potion heal 2
a: no special abilities


You were on level 3 of the Dungeon.
You visited 1 branch of the dungeon, and saw 3 of its levels.

You collected 109 gold pieces.

Inventory:

Hand Weapons
 a - a +4 dagger (weapon)
 i - a +0 arbalest
Missiles
 g - 42 arrows
Armour
 k - a +0 robe (worn)
Scrolls
 f - a scroll of identify {unknown}
 l - a scroll of teleportation {unknown}
Potions
 c - a potion of invisibility
 j - a potion of heal wounds {unknown}


   Skills:
 * Level 1.6 Short Blades
 + Level 0.5 Armour
 - Level 1.5 Dodging
 - Level 3.6 Stealth
 * Level 2.7 Spellcasting
 + Level 3.2 Hexes


You had 7 spell levels left.
You didn't know any spells.
Your spell library contained the following spells:

 Spells                   Type           Power      Damage    Failure   Level
 Ensorcelled Hibernation  Hex/Ice        12%        N/A       16%         2
 Confusing Touch          Hex            11%        N/A       17%         3
 Tukima's Dance           Hex            11%        N/A       17%         3
 Dazzling Flash           Conj/Hex       12%        N/A       32%         3


Dungeon Overview and Level Annotations

Branches:
Dungeon (3/15)

Altars:


Innate Abilities, Weirdness & Mutations

You have extremely sharp teeth.
When hurt, damage is shared between your health and your magic reserves.
Your bite disrupts and absorbs the magic of your enemies.
Potions cannot restore your health.


Message History

The adder is moderately wounded.
The adder barely misses you.
You hit the adder.
The adder is heavily wounded.
The adder closely misses you. The adder bites you.
An endoplasm comes into view.
The endoplasm quivers.
You hit the adder.
You kill the adder!
You have reached level 3!
Your experience leads to an increase in your attributes!
Increase (S)trength, (I)ntelligence, or (D)exterity?
You feel stronger. x2
Found 5 poisoned darts.
The endoplasm jiggles.
An adder and a kobold come into view.
The kobold is wielding a +0 club and quivering poisoned darts.
The kobold shouts!
The endoplasm barely misses you.
The kobold moves out of view.
You barely miss the endoplasm.
The adder hisses angrily.
You hit the endoplasm.
The endoplasm is almost dead.
The endoplasm hits you.
You hit the endoplasm.
You kill the endoplasm!
The kobold throws a poisoned dart.
The poisoned dart hits you!
You are lethally poisoned!
You feel very sick.
You feel sick. The adder bites you.
You are more poisoned.
The adder poisons you!
You closely miss the adder.
* * * LOW HITPOINT WARNING * * *
You feel very sick. The adder bites you.
* * * LOW HITPOINT WARNING * * *
It was a potion of resistance.
You feel protected.
You die...

...... ....(
....
...##########
............
.K.........
#S.........
##@.........
#...........
#...........
#..†........
#.#....#####
#.#.#####
#....<..#
#######.# ...


You could see an adder and a kobold.

Vanquished Creatures
  An adder (D:3)
  A dart slug (D:1)
  A ball python (D:1)
  2 endoplasms
  A giant cockroach (D:2)
  A hobgoblin (D:2)
  A quokka (D:1)
  2 bats
  3 goblins (D:1)
  2 kobolds
15 creatures vanquished.

Notes
Turn   | Place    | Note
-------+----------+-------------------------------------------
     0 | D:1      | tizbic2 the Vine Stalker Enchanter began the quest for the
                  | Orb.
     0 | D:1      | Reached XP level 1. HP: 9/9 MP: 4/4
    78 | D:1      | Reached skill level 1 in Short Blades
   451 | D:1      | Reached XP level 2. HP: 6/13 MP: 1/6
  1329 | D:3      | Reached XP level 3. HP: 11/16 MP: 6/8
  1338 | D:3      | Succumbed to an adder's poison

Illustrated notes

Levels and vault maps discovered:
D:1:      doesnt_arrival_eight_statues, layout_basic, interstate_on_off
D:2:      layout_loops_cross, shapermc_ecumenical_altar_flowoftime, minivault_4,
          minmay_pentomino_pile
D:3:      layout_basic, st_stairs_8, minmay_bisected

Skill      XL: |  1 |
---------------+----+-----
Short Blades   | 1 |  1.6
Armour         | |  0.5
Dodging        | |  1.5
Stealth        | |  3.6
Spellcasting   | |  2.7
Hexes          | |  3.2

Action                   || total
-------------------------++-------
Melee: Dagger            ||    45
       Bite              ||     8
  Use: Scroll            ||     4
       Potion            ||     1
 Stab: Sleeping          ||     2
Armor: Robe              ||     8
Dodge: Dodged            ||    32
